Map: Terrasses de Prion

Players

nixi - Winner!

  • Race: Zerg Zerg
  • League: Master

Worming

  • Race: Zerg Zerg
  • League: Diamond

VOD

Have the link to the VOD?

Description

Time

  • Played on: Jan. 5, 2016, 1:21 p.m.
  • Length: 7:52
Show
View Real Time Build Order
Export as new Build Order

nixi Zerg - Winner!

Build Orders: Hatch First 

Get SALT Encoding   

  12  0:02  Drone  
  13  0:12  Drone  
  14  0:17  Overlord  
  14  0:27  Drone, Extractor  
  15  0:36  Drone x2  
  17  0:55  Drone, Hatchery  
  17  1:09  Spawning Pool  
  16  1:12  Drone  
  16  1:14  Extractor  
  16  1:18  Drone  
  17  1:21  Drone  
  18  1:40  Overlord  
  18  1:48  Drone  
  18  1:50  Drone  
  20  1:56  Queen  
  22  2:01  Zergling x2  
  22  2:08  Queen  
  23  2:09  Drone  
  23  2:15  Drone  
  27  2:19  Metabolic Boost  
  27  2:24  Spine Crawler  
  25  2:39  Drone x4  
  29  2:49  Baneling Nest  
  28  2:53  Zergling x2  
  28  2:54  Drone x3  
  32  3:07  Overlord  
  32  3:11  Zergling x2  
  32  3:12  Drone x2  
  35  3:16  Overlord  
  35  3:27  Drone x5  
  37  3:33  Baneling x2  
  40  3:34  Overlord  
  40  3:45  Zergling x8  
  44  3:51  Hatchery  
  43  4:03  Queen  
  43  4:04  Drone x2  
  43  4:08  Drone x2  
  49  4:10  Lair  
  49  4:28  Extractor  
  49  4:29  Roach Warren  
  46  4:31  Evolution Chamber  
  46  4:32  Drone x4, Extractor  
  48  4:39  Baneling x2  
  48  4:40  Zergling x12  
  54  4:50  Zergling x2  
  54  4:51  Zergling x2  
  56  4:56  Zergling x2  
  56  4:58  Zerg Missile Weapons Level 1  
  56  5:00  Zergling x6  
  59  5:12  Roach  
  59  5:13  Roach x2  
  64  5:23  Glial Reconstitution  
  64  5:26  Extractor  
  60  5:29  Drone x5, Overlord x2  
  60  5:30  Overlord x2  
  64  5:38  Roach  
  65  5:49  Roach x6  
  77  5:51  Roach  
  79  6:03  Roach x5  
  83  6:18  Roach  
  83  6:19  Roach x6  
  94  6:31  Drone  
  94  6:32  Drone x2, Overlord x2  
  96  6:35  Ravager  
  89  7:05  Roach  
  89  7:06  Roach x12  
  108  7:31  Roach  
  108  7:32  Roach  
  108  7:33  Overlord x5  
  108  7:35  Extractor  
  108  7:36  Extractor  
  110  7:41  Ravager, Hatchery  
  110  7:42  Ravager  
  111  7:44  Ravager  
Show
View Real Time Build Order
Export as new Build Order

Worming Zerg 

Build Orders: Pool First 

Get SALT Encoding   

  12  0:01  Drone  
  13  0:12  Overlord  
  13  0:17  Drone  
  14  0:32  Drone x2  
  14  0:35  Drone  
  17  0:46  Spawning Pool  
  17  0:48  Drone  
  17  0:55  Drone  
  18  1:02  Extractor  
  17  1:16  Drone  
  17  1:17  Hatchery  
  17  1:21  Drone  
  18  1:29  Overlord  
  18  1:41  Queen  
  18  1:43  Zergling x2  
  21  1:50  Drone  
  22  2:01  Drone  
  23  2:04  Metabolic Boost  
  23  2:21  Queen  
  25  2:39  Drone x4  
  29  2:45  Baneling Nest  
  28  2:56  Overlord  
  28  2:57  Overlord  
  28  3:00  Drone x3  
  28  3:04  Evolution Chamber  
  30  3:20  Drone x4  
  30  3:25  Extractor  
  33  3:31  Zerg Missile Weapons Level 1  
  33  3:33  Drone  
  33  3:34  Drone x2, Roach Warren  
  36  3:35  Drone x2  
  36  3:37  Drone  
  38  3:47  Overlord  
  38  3:58  Lair  
  38  4:00  Drone x5  
  43  4:10  Zergling x10  
  48  4:30  Overlord  
  48  4:34  Drone x4  
  48  4:35  Overlord  
  52  4:39  Hatchery  
  51  4:46  Overlord  
  51  4:47  Overlord  
  45  5:11  Roach x5  
  52  5:20  Roach x3  
  52  5:29  Glial Reconstitution  
  52  5:30  Roach  
  52  5:35  Queen x2  
  58  5:43  Roach x3  
  58  5:46  Roach  
  64  5:54  Ravager  
  64  5:55  Zergling x2  
  64  5:56  Zergling x2  
  67  6:02  Roach Warren  
  60  6:04  Spine Crawler  
  47  6:25  Roach  
  47  6:26  Roach x4  
  47  6:32  Drone  
  58  6:40  Roach x2  
  51  6:56  Roach x2  
  51  6:57  Roach x4  
  51  7:09  Roach x2  
  49  7:16  Roach x2  
  48  7:27  Roach x2  
Tags
 
Add a new tag
Caveats
  • Supply blocks, unpowered buildings, or Contaminate may cause inaccurate times.
  • Supply counts are checked every 10 seconds.